 Dungeon Crawl Stone Soup version 0.31-a0-806-g0bc164a743 (webtiles) character file.

Game seed: 8869648426649207421

9134 DocEon the Eclecticist (level 11, -2/54 HPs)
             Began as a Deep Elf Ice Elementalist on Sept 20, 2023.
             Was a Believer of Vehumet.
             Slain by an orc warrior
             ... wielding a +0 flail
             ... led by an orc knight
              (12 damage)
             ... on level 1 of the Orcish Mines on Sept 21, 2023.
             The game lasted 00:32:20 (10407 turns).

DocEon the Eclecticist (Deep Elf Ice Elementalist) Turns: 10407, Time: 00:32:20

Health: -2/54      AC: 17    Str:  2    XL:     11   Next: 19%
Magic:  21/34      EV: 13    Int: 30    God:    Vehumet [**....]
Gold:   143        SH:  0    Dex: 18    Spells: 28/44 levels left

rFire   . . .        a - staff of cold
rCold   + . .        (no shield)
rNeg    . . .        j - +0 robe
rPois   .            s - +1 helmet
rElec   .            (no cloak)
rCorr   .            p - +0 pair of gloves of Beogh's Inspiration {Str-3 Int+2 Dex+3}
SInv    .            (no boots)
Will    +....        r - amulet of Kianis {RegenMP Int+3}
Stlth   ++           B - ring of wizardry
HPRegen 0.29/turn    (no ring)
MPRegen 0.64/turn

%: wizardry (x1)
@: ice-armoured, freezing walls
A: no striking features
a: Renounce Religion


You were on level 1 of the Orcish Mines.
You worshipped Vehumet.
Vehumet was pleased with you.
You visited 3 branches of the dungeon, and saw 12 of its levels.

You collected 473 gold pieces.
You spent 330 gold pieces at shops.

Inventory:

Hand Weapons
 b - a +1 short sword of venom
 o - a +3 scimitar
 u - a +3 trident of flaming
Missiles
 v - a throwing net
 w - 6 curare-tipped darts
Armour
 c - an orb of mayhem
 j - a +0 robe (worn)
 p - the +0 pair of gloves of Beogh's Inspiration (worn) {Str-3 Int+2 Dex+3}
   (You found it on level 8 of the Dungeon)

   Str-3:     It affects your strength (-3).
   Int+2:     It affects your intelligence (+2).
   Dex+3:     It affects your dexterity (+3).
 s - a +1 helmet (worn)
 t - the +1 buckler "Tyanwel" {-Tele rElec rN++ Will+}
   (You found it on level 7 of the Dungeon)

   rElec:     It insulates you from electricity.
   rN++:      It greatly protects you from negative energy.
   Will+:     It increases your willpower.
   -Tele:     It prevents most forms of teleportation.
Magical Staves
 a - a staff of cold (weapon)
Jewellery
 r - the amulet of Kianis (around neck) {RegenMP Int+3}
   (You found it on level 5 of the Dungeon)

   [amulet of magic regeneration]

   RegenMP:   It increases your rate of magic regeneration.
   Int+3:     It affects your intelligence (+3).
 B - a ring of wizardry (left hand)
Wands
 C - a wand of mindburst (2)
 E - a wand of iceblast (3)
Scrolls
 f - 4 scrolls of blinking
 h - a scroll of enchant armour
 k - 3 scrolls of teleportation
 l - a scroll of identify
 y - a scroll of brand weapon
 D - a scroll of vulnerability
Potions
 d - 2 potions of might
 e - 6 potions of curing
 g - a potion of brilliance
 i - 2 potions of mutation
 m - a potion of invisibility
 n - 2 potions of degeneration
 q - a potion of lignification
 x - a potion of haste
 z - 4 potions of heal wounds
 A - a potion of magic


   Skills:
 - Level 2.4 Dodging
 - Level 2.4 Stealth
 * Level 17.1 Spellcasting
 - Level 5.0 Conjurations
 - Level 3.0 Summonings
 + Level 11.5 Ice Magic
 - Level 2.0 Air Magic


You had 28 spell levels left.
You knew the following spells:

 Your Spells              Type           Power      Damage    Failure   Level
a - Freeze                Ice            100%       1d10      0%          1
b - Frozen Ramparts       Ice            100%       1d16      1%          3
c - Ozocubu's Armour      Ice            97%        N/A       1%          3
d - Summon Ice Beast      Ice/Summ       81%        N/A       1%          4
e - Freezing Cloud        Conj/Ice/Air   38%        6-21      1%          5

Your spell library contained the following spells:

 Spells                   Type           Power      Damage    Failure   Level
 Kiss of Death            Conj/Necr      100%       2d13      1%          1
 Cigotuvi's Dreadful Rot  Necr/Pois/Air  58%        N/A       1%          2
 Ignite Poison            Fire/Tmut/Pois 25%        N/A       1%          3
 Inner Flame              Hex/Fire       25%        N/A       1%          3
 Flame Wave               Conj/Fire      40%        2d11      2%          4
 Sticky Flame             Conj/Fire      40%        2d6       2%          4


Dungeon Overview and Level Annotations

Branches:
Dungeon (10/15)            Temple (1/1) D:5            Lair (0/5) D:10
    Orc (1/2) D:10

Altars:
Ashenzari
Cheibriados
Dithmenos
Elyvilon
Fedhas
Gozag
Hepliaklqana
Kikubaaqudgha
Makhleb
Nemelex Xobeh
Okawaru
Qazlal
Ru
Sif Muna
Trog
Uskayaw
Vehumet
Wu Jian
Xom
Yredelemnul
Zin
The Shining One

Shops:
D:9 !   D:10 *

Annotations:
D:9 1 runed translucent door, quakins's ghost, journeyman TrSh
D:10 1 runed translucent door


Message History

* * * LOW HITPOINT WARNING * * *
Casting: Freeze (safe; 0% risk of failure)
Confirm with . or Enter, or press ? or * to list all spells.
Aiming: Freeze (safe; 0% risk of failure)
Press: ? - help, Shift-Dir - straight line, f/p - orc knight
Aim: an orc knight, wielding a +0 war axe and wearing a +0 plate armour (severely wounded, ally target)
You feel a surge of power!
You freeze the orc knight.
The orc knight is severely wounded.
The wall freezes the orc knight!
The orc knight roars a battlecry!
Your ice beast hits the orc knight.
Your ice beast freezes the orc knight!
The orc knight dies!
Vehumet accepts your kill.
Your Spellcasting skill increases to level 17!
You start resting.
An orc warrior comes into view. It is wielding a +0 flail.
An orc comes into view. It is wielding a +0 club.
Your ice beast barely misses the orc.
There are monsters nearby!
The wall freezes the orc.
The orc hits you with a +0 club.
* * * LOW HITPOINT WARNING * * *
Your ice beast hits the orc.
Your ice beast freezes the orc!!
The orc dies!
Vehumet accepts your kill.
The wall freezes the orc!
You kill the orc!
Vehumet accepts your kill.
You feel your power returning.
Your ice beast hits the orc warrior but does no damage.
Casting: Freeze (safe; 0% risk of failure)
Confirm with . or Enter, or press ? or * to list all spells.
Aiming: Freeze (safe; 0% risk of failure)
Press: ? - help, Shift-Dir - straight line, f - orc warrior
Aim: an orc warrior, wielding a +0 flail and wearing a +0 plate armour (strong, ally target)
You feel a surge of power!
You freeze the orc warrior!
The orc warrior is moderately wounded.
An orc comes into view. It is wielding a +0 club.
The wall freezes the orc warrior!
The orc warrior hits you with a +0 flail!
You die...

#o...# ### ##...#####
##.###........##
#....#.........##
##.###..........##
##.........o..<.##
###.....#.#..).....##
#.##...######o......#
##..)....##.@Y.....##
##......###......##
##......#......##
##...........##
##.......#.##
####....### #....#
#...## ##.##


You could see an orc warrior (strong, ally target), an orc (strong) and a
friendly ice beast (summoned).

Vanquished Creatures
  Sonja (D:10)
  An orc sorcerer (Orc:1)
  Joseph (D:9)
  Jeremiah (D:8)
  A troll (D:10)
  A shadow (D:10)
  A wyvern (D:10)
  A basilisk (D:10)
  8 yaks
  Grum (D:10)
  A steam dragon (D:7)
  3 vampire mosquitoes (D:10)
  An acid dragon (D:8)
  2 orc warriors (D:7)
  An ice beast (D:7)
  An ogre (Orc:1)
  A black bear (D:10)
  4 wolves (D:10)
  A phantom (D:5)
  A nameless horror (D:6)
  A kobold brigand (D:6)
  A bullfrog (D:6)
  A gnoll sergeant (D:9)
  10 scorpions
  5 wights
  3 killer bees (D:10)
  A gnoll bouda (D:7)
  4 orc priests
  A hound (D:5)
  A sleepcap (D:5)
  3 iguanas
  11 orc wizards
  Robin (D:2)
  2 adders
  15 gnolls
  A shadow imp (D:5)
  A white imp (D:6)
  A worm (D:4)
  A dart slug (D:1)
  19 orcs
  6 endoplasms
  6 giant cockroaches
  12 goblins
  10 hobgoblins
  4 jackals
  11 kobolds
  4 quokkas
  11 ball pythons
  5 bats
  4 frilled lizards
  9 rats
  2 butterflies (D:10)
200 creatures vanquished.

Vanquished Creatures (collateral kills)
  An orc knight (Orc:1)
  An elephant (D:10)
  A gargoyle (D:10)
  2 yaks (D:9)
  2 wargs (D:10)
  A centaur (D:8)
  A bullfrog (D:9)
  A scorpion (D:5)
  6 wights
  A howler monkey (D:8)
  An orc priest (D:7)
  An orc wizard (D:7)
  2 gnolls (D:5)
  An adder (D:6)
  A shadow imp (D:5)
  A white imp (D:7)
  2 orcs
26 creatures vanquished.

Grand Total: 226 creatures vanquished

Notes
Turn   | Place    | Note
-------+----------+-------------------------------------------
     0 | D:1      | DocEon the Deep Elf Ice Elementalist began the quest for
                  | the Orb.
     0 | D:1      | Reached XP level 1. HP: 10/10 MP: 6/6
   165 | D:1      | Reached XP level 2. HP: 15/15 MP: 6/8
   258 | D:1      | Reached skill level 4 in Spellcasting
   426 | D:1      | Found a faded altar of an unknown god.
   985 | D:2      | Reached XP level 3. HP: 19/19 MP: 8/10
   989 | D:2      | Learned a level 3 spell: Frozen Ramparts
   993 | D:2      | Learned a level 3 spell: Ozocubu's Armour
  1089 | D:2      | Noticed Robin
  1104 | D:2      | Killed Robin
  1198 | D:2      | Reached skill level 5 in Spellcasting
  1198 | D:2      | Reached skill level 5 in Ice Magic
  1198 | D:2      | Reached XP level 4. HP: 4/24 MP: 8/13
  1287 | D:2      | Learned a level 4 spell: Summon Ice Beast
  1532 | D:2      | Reached skill level 1 in Summonings
  1666 | D:3      | Reached XP level 5. HP: 28/28 MP: 13/15
  1774 | D:3      | Found a white marble altar of Elyvilon.
  1808 | D:3      | Became a worshipper of Elyvilon the Healer
  1945 | D:3      | Reached skill level 6 in Spellcasting
  2418 | D:4      | Reached * piety under Elyvilon
  2690 | D:4      | Reached XP level 6. HP: 32/32 MP: 12/17
  3110 | D:4      | Reached skill level 7 in Spellcasting
  3628 | D:5      | Entered Level 5 of the Dungeon
  3783 | D:5      | Reached ** piety under Elyvilon
  3790 | D:5      | Noticed a nameless horror
  3812 | D:6      | Killed a nameless horror
  3843 | D:5      | Reached XP level 7. HP: 25/36 MP: 13/20
  3931 | D:5      | Reached skill level 8 in Spellcasting
  3999 | D:5      | Found a staircase to the Ecumenical Temple.
  4000 | D:5      | Identified the amulet of Kianis {RegenMP Int+3}
  4013 | D:5      | Identified a scroll of acquirement
  4013 | D:5      | Acquired a staff of cold
  4415 | D:6      | Found a sand-covered staircase.
  4420 | D:6      | You fall into a shaft and drop 2 floors!
  4454 | D:8      | HP: 1/32 [wight/+1 heavy flail (9)]
  4610 | D:8      | Reached skill level 9 in Spellcasting
  4623 | D:8      | Identified the +0 pair of gloves of Beogh's Inspiration
                  | {Str-3 Int+2 Dex+3}
  4710 | D:8      | Reached *** piety under Elyvilon
  4783 | D:8      | Learned a level 5 spell: Freezing Cloud
  4876 | D:8      | Noticed Jeremiah
  5143 | D:8      | Found an ancient bone altar of Kikubaaqudgha.
  5153 | D:8      | Reached skill level 1 in Conjurations
  5166 | D:8      | Elyvilon protects you from harm!
  5168 | D:8      | Reached skill level 1 in Air Magic
  5168 | D:8      | Reached XP level 8. HP: 22/41 MP: 17/23
  5617 | D:7      | Reached skill level 10 in Spellcasting
  5662 | D:7      | Identified the +1 buckler "Tyanwel" {-Tele rElec rN++
                  | Will+}
  6116 | Temple   | Found a transporter.
  6116 | Temple   | Found a transporter.
  6116 | Temple   | Found a transporter.
  6116 | Temple   | Found a transporter.
  6116 | Temple   | Entered the Ecumenical Temple
  6131 | Temple   | Fell from the grace of Elyvilon
  6131 | Temple   | Became a worshipper of Vehumet
  6269 | D:6      | Reached skill level 11 in Spellcasting
  6605 | D:6      | Found a hide-covered altar of Uskayaw.
  6964 | D:7      | Reached XP level 9. HP: 39/45 MP: 22/26
  8024 | D:8      | Killed Jeremiah
  8025 | D:8      | Reached skill level 12 in Spellcasting
  8025 | D:8      | Reached skill level 5 in Conjurations
  8289 | D:9      | Reached * piety under Vehumet
  8289 | D:9      | Offered knowledge of Sandblast by Vehumet.
  8377 | D:9      | Noticed a boulder beetle
  8727 | D:9      | Noticed Joseph
  8741 | D:9      | Killed Joseph
  8742 | D:9      | Reached skill level 13 in Spellcasting
  8936 | D:9      | Found Uhunner's Distillery.
  8944 | D:9      | Bought a potion of haste for 110 gold pieces
  8944 | D:9      | Bought 2 potions of heal wounds for 110 gold pieces
  8944 | D:9      | Bought 2 potions of heal wounds for 110 gold pieces
  9004 | D:9      | Reached XP level 10. HP: 50/50 MP: 17/29
  9200 | D:9      | Found a runed translucent door.
  9200 | D:9      | Noticed quakins's ghost (journeyman TrSh)
  9236 | D:10     | Entered Level 10 of the Dungeon
  9238 | D:10     | Noticed an elephant
  9242 | D:10     | Reached skill level 14 in Spellcasting
  9324 | D:10     | Found a staircase to the Lair.
  9333 | D:10     | Reached skill level 10 in Ice Magic
  9340 | D:10     | Killed an elephant
  9653 | D:10     | Reached skill level 15 in Spellcasting
  9699 | D:10     | Noticed a gargoyle
  9721 | D:10     | Killed a gargoyle
  9916 | D:10     | Found a runed translucent door.
  9918 | D:10     | Found a runed translucent door.
  9948 | D:10     | Offered knowledge of Kiss of Death by Vehumet.
  9949 | D:10     | Reached ** piety under Vehumet
  9952 | D:10     | Reached skill level 16 in Spellcasting
 10000 | D:10     | Noticed Sonja
 10007 | D:10     | Killed Sonja
 10133 | D:10     | Found Sojuhoos's General Store.
 10178 | D:10     | Noticed Grum
 10189 | D:10     | Killed Grum
 10190 | D:10     | Reached XP level 11. HP: 54/54 MP: 21/33
 10219 | D:10     | Found a staircase to the Orcish Mines.
 10292 | Orc:1    | Entered Level 1 of the Orcish Mines
 10319 | Orc:1    | Noticed an orc sorcerer
 10320 | Orc:1    | Paralysed by an orc sorcerer for 4 turns
 10328 | Orc:1    | Noticed a soul eater
 10330 | Orc:1    | Killed an orc sorcerer
 10380 | Orc:1    | Noticed an orc knight
 10402 | Orc:1    | Killed an orc knight
 10403 | Orc:1    | Reached skill level 17 in Spellcasting
 10407 | Orc:1    | Slain by an orc warrior

Illustrated notes

Levels and vault maps discovered:
D:1:      lightli_arrival_chessboard, layout_rooms,
          shapermc_ecumenical_altar_gd, nrook_mini_backslash
D:2:      layout_rooms, uniq_robin
D:3:      layout_rooms, elyvilon_altar_5, kennysheep_generic_room_7
D:4:      layout_layer_cave
D:5:      layout_basic, temple_pool_b, amethyst_killhole
D:6:      layout_basic, eat_drink_and_be_merry_uskayaw, enter_ossuary_3
D:7:      layout_cave_pods
D:8:      layout_gridville, mainiacjoe_overflow_brackets, grunt_ministairs_4,
          uniq_jeremiah
D:9:      layout_loops_ring, serial_shops, nicolae_shop_tiny_waterfront,
          gammafunk_ghost_grave, uniq_joseph
D:10:     lemuel_insect_pit, layout_loops_ring, david_lair_generic, david_orc_3,
          serial_shops, kennysheep_little_box, uniq_grum, uniq_sonja
Temple:   hellmonk_temple_divided_pantheon
Orc:1:    layout_diamond_mine, basic_altar

Skill      XL: |  1  2  3  4  5  6  7  8  9 10 11 |
---------------+----------------------------------+-----
Spellcasting   | 4 5 6 7 9 11 13 16 17 | 17.1
Ice Magic      | 5 6 7 9 11 | 11.5
Summonings     | 1 2 3 |  3.0
Conjurations   | 1 4 5 |  5.0
Air Magic      | 1 2 |  2.0
Dodging        | |  2.4
Stealth        | |  2.4

Action                     |  1- 3 |  4- 6 |  7- 9 | 10-12 || total
---------------------------+-------+-------+-------+-------++-------
  Melee: Unarmed           |     7 |     3 |       |       ||    10
         Dagger            |       |    11 |       |       ||    11
         Staff             |       |       |    13 |       ||    13
         Short sword       |       |       |    19 |       ||    19
         Scimitar          |       |       |     1 |       ||     1
         Trident           |       |       |     1 |       ||     1
         Punch             |       |       |     1 |       ||     1
   Cast: Freeze            |    49 |    81 |   126 |    27 ||   283
         Frozen Ramparts   |     2 |     9 |    27 |    11 ||    49
         Ozocubu's Armour  |     1 |     6 |    42 |    12 ||    61
         Summon Ice Beast  |       |     2 |    33 |     7 ||    42
         Freezing Cloud    |       |       |     7 |    20 ||    27
  Evoke: Wand              |       |       |       |     7 ||     7
    Use: Scroll            |     1 |     9 |    13 |       ||    23
         Potion            |     1 |       |     4 |       ||     5
   Stab: Sleeping          |       |     2 |     1 |       ||     3
 Armour: Robe              |    29 |    50 |   114 |    29 ||   222
  Dodge: Dodged            |    26 |    47 |   139 |    34 ||   246

Table legend: (Time is in decaauts)
 A = Elapsed time spent in this place.
 B = Non-inter-level travel time spent in this place.
 C = Inter-level travel time spent in this place.
 D = Time resting spent in this place.
 E = Time spent auto-exploring this place.
 F = Levels seen in this place.
 G = Mean time per level.
                   A        B        C        D        E       F      G
               +--------+--------+--------+--------+--------+-----+--------+
         Total |  10426 |   9918 |    508 |   2166 |   5587 |  12 |  868.8 |
       Dungeon |  10277 |   9776 |    501 |   2144 |   5545 |  10 | 1027.7 |
        Temple |     33 |     26 |      7 |      0 |      0 |   1 |   33.0 |
  Orcish Mines |    114 |    114 |      0 |     22 |     42 |   1 |  114.0 |
               +--------+--------+--------+--------+--------+-----+--------+

Top non-repeatable levels by time:
     D:8: 1565 daAuts
     D:7: 1527 daAuts
     D:4: 1440 daAuts
    D:10: 1056 daAuts
     D:1: 956 daAuts
     D:9: 875 daAuts
     D:6: 852 daAuts
     D:5: 734 daAuts
     D:2: 695 daAuts
     D:3: 574 daAuts
   Orc:1: 114 daAuts
  Temple: 33 daAuts
